 Dungeon Crawl Stone Soup version 0.18-a0-739-gdae9da8 (webtiles) character file.

261 Raultor the Slasher (level 5, -19/41 HPs)
             Began as a Demonspawn Gladiator on Dec 10, 2015.
             Demolished by an ogre
             ... wielding a +0 giant spiked club
              (22 damage)
             ... on level 4 of the Dungeon.
             The game lasted 00:06:10 (2290 turns).

Raultor the Slasher (Demonspawn Gladiator)          Turns: 2290, Time: 00:06:10

Health: -19/41     AC:  9    Str: 15    XL:     5   Next: 96%
Magic:  0/5        EV: 12    Int:  9    God:
Gold:   182        SH:  0    Dex: 15    Spells: 0 memorised, 4 levels left

rFire  . . .     SeeInvis .     a - +0 long sword
rCold  + . .     Clarity  .     m - +0 ring mail
rNeg   . . .     SustAt   .     (no shield)
rPois  .         Gourm    .     c - +0 helmet
rElec  .         Spirit   +     (no cloak)
rCorr  .         Dismiss  .     (no gloves)
rMut   .         Stasis   .     (no boots)
MR     .....                    y - amulet of guardian spirit {Spirit}
Stlth  +.........               (no ring)
                                n - ring of protection from cold {rC+, !d}

@: not resistant to hostile enchantments, very unstealthy
A: thin metallic scales 2
a: no special abilities


You were on level 4 of the Dungeon.
You were not hungry.

You visited 1 branch of the dungeon, and saw 4 of its levels.

You collected 182 gold pieces.

Inventory:

Hand Weapons
 a - a +0 long sword (weapon)
Missiles
 d - 3 throwing nets {=f, !d}
 i - 4 javelins (quivered)
Armour
 b - a +0 leather armour
 c - a +0 helmet (worn)
 m - a +0 ring mail (worn)
   (You found it on level 1 of the Dungeon)
Jewellery
 n - a ring of protection from cold (left hand) {rC+, !d}
   (You found it on level 1 of the Dungeon)
 y - an amulet of guardian spirit (around neck) {Spirit}
   (You found it on level 4 of the Dungeon)
Wands
 r - a wand of slowing (29)
   (You found it on level 3 of the Dungeon)
Scrolls
 g - 3 scrolls of remove curse {unknown}
 l - 5 scrolls of identify {unknown}
 p - a scroll of blinking {unknown}
Potions
 f - a potion of resistance {unknown}
 h - a potion of flight {unknown}
 k - a potion of haste {unknown}
 o - 2 potions of invisibility {unknown}
 q - a potion of cure mutation {unknown}
 t - 2 potions of might {unknown}
 u - a potion of agility {unknown}
 v - a potion of curing {unknown}
 w - a potion of cancellation {unknown}
 x - a potion of mutation {unknown}
 z - a potion of degeneration {unknown}
Comestibles
 e - a bread ration {@e1}
 j - 2 slices of pizza
 s - a meat ration {@e2}


   Skills:
 + Level 3.5 Fighting
 * Level 4.3 Long Blades
 + Level 2.8 Throwing
 + Level 3.5 Dodging


You had 4 spell levels left.
You didn't know any spells.

Dungeon Overview and Level Annotations

Branches:
Dungeon (4/15)
 Temple: D:4-7

Altars:


Innate Abilities, Weirdness & Mutations

You are mostly covered in thin metallic scales (AC +3).


Message History

You hit the giant cockroach.
You kill the giant cockroach!
Your Long Blades skill increases to level 4!
You feel sick.
The phantom hits you but does no damage.
The phantom barely misses you.
You take 1 damage, and have 30/41 hp.
The phantom hits you but does no damage.
Things that are here:
a lumpy cyan potion; a giant cockroach corpse You hit the phantom but do no damage.
The phantom blinks!
w - a lumpy cyan potion The phantom blinks!
You closely miss the phantom.
You feel sick.
The phantom blinks!
There is a stone staircase leading up, spattered with blood here.
The phantom blinks!
The phantom blinks!
You feel sick.
You are no longer poisoned.
The phantom blinks!
You take 1 damage, and have 29/41 hp.
The phantom blinks!
You hit the phantom.
The phantom hits you but does no damage.
You barely miss the phantom. The phantom hits you.
The phantom blinks!
You take 2 damage, and have 28/41 hp.
The phantom blinks!
You hit the phantom. The phantom completely misses you. The phantom hits you.
You take 3 damage, and have 26/41 hp.
You hit the phantom. The phantom closely misses you.
You slash the phantom! The phantom barely misses you.
You hit the phantom. The phantom barely misses you.
You hit the phantom.
The phantom hits you but does no damage.
You miss the phantom. The phantom closely misses you. The phantom hits you.
You take 5 damage, and have 22/41 hp.
You barely miss the phantom.
The phantom blinks!
You closely miss the phantom. The phantom misses you.
You slash the phantom! The phantom closely misses you.
You closely miss the phantom. The phantom closely misses you.
The phantom blinks!
The phantom blinks!
You closely miss the phantom. The phantom barely misses you.
You closely miss the phantom.
The phantom blinks!
You slash the phantom!
The phantom hits you but does no damage.
You hit the phantom.
You destroy the phantom!
You see here a giant cockroach corpse.
You butcher the giant cockroach corpse.
z - a chunk of flesh {@w0} You start resting.
Eating a chunk of flesh {@w0}.
You continue eating. x2
Health restored: 41 You now have 182 gold pieces (gained 7).
y - a dented bone amulet Put on which piece of jewellery? (? for menu, Esc to quit)
You feel your power drawn to a protective spirit.
y - an amulet of guardian spirit (around neck)
You now have 0/5 mp.
z - an emerald potion An adder comes into view.
An ogre comes into view. It is wielding a giant spiked club.
The ogre shouts!
Your ring mail prevents you from hitting the adder.
The adder misses you.
Your ring mail prevents you from hitting the adder.
The adder closely misses you. The adder bites you but does no damage.
You hit the adder. The adder misses you.
You slash the adder!
You kill the adder!
You hit the ogre. The ogre misses you.
You hit the ogre but do no damage. The ogre closely misses you.
You hit the ogre. The ogre closely misses you.
You hit the ogre. The ogre barely misses you.
You barely miss the ogre.
The ogre hits you with a giant spiked club!
You take 16 damage, and have 25/41 hp.
MASSIVE DAMAGE!!
You slash the ogre! You hit the ogre.
The ogre hits you with a giant spiked club!
You take 9 damage, and have 17/41 hp.
MASSIVE DAMAGE!!
You slash the ogre! The ogre misses you.
You hit the ogre. The ogre barely misses you.
You hit the ogre.
The ogre hits you with a giant spiked club!
* * * LOW HITPOINT WARNING * * *
You take 7 damage, and have 10/41 hp.
You now have 1/5 mp.
Unknown command.
You completely miss the ogre.
The ogre hits you with a giant spiked club!
* * * LOW HITPOINT WARNING * * *
You take 8 damage, and have 2/41 hp.
You now have 0/5 mp.
You barely miss the ogre.
The ogre hits you with a giant spiked club!!
Ouch! That really hurt!
You die...

..###########
.....#......## ##
.............## ..#
.........##...### #.#
.........###....###..#
..........###........#
...........###.......#
............##..@†...#
<............##..O....#
......................#
..............?........#
........###.............
......### #.............
...#### #.............
#### #......#######


You could see an ogre.

Vanquished Creatures
  A phantom (D:4)
  An orc wizard (D:3)
  4 adders
  3 oozes (D:3)
  4 worms
  3 giant geckos
  5 orcs (D:3)
  9 bats
  4 giant cockroaches
  10 hobgoblins
  7 jackals (D:3)
  3 quokkas
  3 giant newts
  12 goblins
  3 kobolds
  5 rats
77 creatures vanquished.

Notes
Turn   | Place    | Note
--------------------------------------------------------------
     0 | D:1      | Raultor the Demonspawn Gladiator began the quest for the Orb.
     0 | D:1      | Reached XP level 1. HP: 16/16 MP: 1/1
   148 | D:1      | Reached skill level 2 in Throwing
   169 | D:1      | Gained mutation: You are partially covered in thin metallic scales (AC +2). [demonic ancestry]
   169 | D:1      | Reached XP level 2. HP: 20/22 MP: 2/2
   181 | D:1      | Reached skill level 3 in Long Blades
   764 | D:2      | Reached XP level 3. HP: 28/28 MP: 3/3
  1236 | D:3      | Reached skill level 3 in Dodging
  1282 | D:3      | Gained mutation: You are mostly covered in thin metallic scales (AC +3). [demonic ancestry]
  1282 | D:3      | Reached XP level 4. HP: 31/34 MP: 4/4
  1499 | D:3      | Reached skill level 3 in Fighting
  1816 | D:3      | Reached XP level 5. HP: 31/41 MP: 5/5
  2062 | D:4      | Noticed a phantom
  2077 | D:4      | Reached skill level 4 in Long Blades
  2124 | D:4      | Killed a phantom
  2273 | D:4      | Noticed an ogre
  2288 | D:4      | HP: 10/41 [ogre/giant spiked club (7)]
  2289 | D:4      | HP: 2/41 [ogre/giant spiked club (8)]
  2290 | D:4      | Demolished by an ogre

Vault maps used:
D:1:      lemuel_arrival_river_bridge
D:2:      grunt_ministairs_3, st_stairs_12
D:3:      first_bread, minmay_cut_off
D:4:      kennysheep_mini_moat, minmay_temple_entry_fiery, minmay_bisected

Action                   |  1- 3 |  4- 6 || total
-------------------------+-------+-------++-------
Melee: Long sword        |   127 |   146 ||   273
  Eat: Chunk             |     1 |     4 ||     5

Vault maps used:
D:1:      lemuel_arrival_river_bridge
D:2:      grunt_ministairs_3, st_stairs_12
D:3:      first_bread, minmay_cut_off
D:4:      kennysheep_mini_moat, minmay_temple_entry_fiery, minmay_bisected

Table legend:
 A = Turns spent in this place as a percentage of turns spent in the entire game.
 B = Non-inter-level travel turns spent in this place as a percentage of non-inter-level travel turns spent in the entire game.
 C = Inter-level travel turns spent in this place as a percentage of turns spent in this place.
 D = Turns resting spent in this place as a percentage of non-inter-level travel turns spent in this place.
 E = Turns spent auto-exploring this place as a percentage of non-inter-level travel turns spent in this place.
 F = Non-inter-level travel turns spent in this place divided by the number of levels of this place that you've seen.
                   A       B       C       D       E      F
               +-------+-------+-------+-------+-------+----------------------
         Total | 100.0 | 100.0 |   0.4 |   1.3 |  12.6 | 167.2
       Dungeon | 100.0 | 100.0 |   0.4 |   1.3 |  12.6 | 167.2
               +-------+-------+-------+-------+-------+----------------------

Table legend:
 A = Kills in this place as a percentage of kills in entire the game.
 B = Kills by you in this place as a percentage of kills by you in the entire game.
 C = Kills by friends in this place as a percentage of kills by friends in the entire game.
 D = Other kills in this place as a percentage of other kills in the entire game.
 E = Experience gained in this place as a percentage of experience gained in the entire game.
 F = Experience gained in this place divided by the number of levels of this place that you have seen.
                   A       B       C       D       E      F
               +-------+-------+-------+-------+-------+----------------------
         Total | 100.0 | 100.0 |  -nan |  -nan | 100.0 |  93.2
       Dungeon | 100.0 | 100.0 |  -nan |  -nan | 100.0 |  93.2
               +-------+-------+-------+-------+-------+----------------------
